Workbook

Sheet programma di formazione profilo
A1: Programma di formazione aziendale
A4: Azienda formatrice | E4: Persona in formazione
A8: Semestre | B8: Formatore/ formatrice | C8: Settore d'attivita | D8: Attivita concreta | E8: Inserire il numero dell'obiettivo di valutazione | F8: Titolo dell'obiettivo | G8: Descrizione dell'obiettivo | H8: Competenze metodologiche, sociali e personali (MSP) | I8: Descrizione | J8: Obiettivo elaborato/ raggiunto
A10: 1 | B10: Barbara Pfister | C10: controllo abitanti | D10: iscrivere nuovo arrivo | E10: 1.1.3.6 | F10: =IF(E10 <>0,VLOOKUP(E10,'competenze MSS'!A:C,2,FALSE)," ") -> Tenere i registri (banca dati) | G10: =IF(E10<>0,VLOOKUP(E10,'competenze MSS'!A:C,3,FALSE)," ") -> Tengo, in modo autonomo e correttamente, i registri (ufficiali) inerenti al mio campo d'attività (protezione dei dati, segreto d'ufficio, conservazione, cancellazione) ed eseguo le relative mutazioni. | H10: 2.1 | I10: =IF(H10<>0,VLOOKUP(H10,'competenze MSS'!A:C,3,FALSE)," ") -> Svolgo i miei lavori in modo efficiente e sistematico: – scegliendo fonti d’informazione in funzione dei compiti e procurandomi in modo mirato le informazioni necessarie; – pianificando i miei lavori e progetti, fissando priorità e decidendo in funzione della situazione; – eseguendo il mio lavoro in modo mirato e avendo la consapevolezza dei costi; – controllando e documentando il lavoro eseguito; – analizzando il mio lavoro e le mie azioni per ottimizzare le prestazioni e il comportamento. A questo scopo utilizzo metodi e mezzi ausiliari appropriati. | J10: si, 3 marzo 2012
H11: 3.1 | I11: =IF(H11<>0,VLOOKUP(H11,'competenze MSS'!A:C,3,FALSE)," ") -> Sono molto disponibile a fornire una prestazione lavorativa ad alto rendimento: – affrontando il mio lavoro con motivazione e riflessione; – adempiendo le esigenze e le richieste dei miei committenti e partner commerciali; – rispettando i termini e le direttive in materia di qualità; – sopportando lo stress, identificando le situazioni difficili e chiedendo aiuto se necessario; – assumendo la responsabilità del mio lavoro e del mio comportamento. | J11: si, 3 marzo 2012
F12: =IF(E12 <>0,VLOOKUP(E12,'competenze MSS'!A:C,2,FALSE)," ") | G12: =IF(E12<>0,VLOOKUP(E12,'competenze MSS'!A:C,3,FALSE)," ") | I12: =IF(H12<>0,VLOOKUP(H12,'competenze MSS'!A:C,3,FALSE)," ")
I13: =IF(H13<>0,VLOOKUP(H13,'competenze MSS'!A:C,3,FALSE)," ")
F14: =IF(E14 <>0,VLOOKUP(E14,'competenze MSS'!A:C,2,FALSE)," ") | G14: =IF(E14<>0,VLOOKUP(E14,'competenze MSS'!A:C,3,FALSE)," ") | I14: =IF(H14<>0,VLOOKUP(H14,'competenze MSS'!A:C,3,FALSE)," ")
I15: =IF(H15<>0,VLOOKUP(H15,'competenze MSS'!A:C,3,FALSE)," ")
F16: =IF(E16 <>0,VLOOKUP(E16,'competenze MSS'!A:C,2,FALSE)," ") | G16: =IF(E16<>0,VLOOKUP(E16,'competenze MSS'!A:C,3,FALSE)," ") | I16: =IF(H16<>0,VLOOKUP(H16,'competenze MSS'!A:C,3,FALSE)," ")
I17: =IF(H17<>0,VLOOKUP(H17,'competenze MSS'!A:C,3,FALSE)," ")
F18: =IF(E18 <>0,VLOOKUP(E18,'competenze MSS'!A:C,2,FALSE)," ") | G18: =IF(E18<>0,VLOOKUP(E18,'competenze MSS'!A:C,3,FALSE)," ") | I18: =IF(H18<>0,VLOOKUP(H18,'competenze MSS'!A:C,3,FALSE)," ")
I19: =IF(H19<>0,VLOOKUP(H19,'competenze MSS'!A:C,3,FALSE)," ")
F20: =IF(E20 <>0,VLOOKUP(E20,'competenze MSS'!A:C,2,FALSE)," ") | G20: =IF(E20<>0,VLOOKUP(E20,'competenze MSS'!A:C,3,FALSE)," ") | I20: =IF(H20<>0,VLOOKUP(H20,'competenze MSS'!A:C,3,FALSE)," ")
I21: =IF(H21<>0,VLOOKUP(H21,'competenze MSS'!A:C,3,FALSE)," ")
F22: =IF(E22 <>0,VLOOKUP(E22,'competenze MSS'!A:C,2,FALSE)," ") | G22: =IF(E22<>0,VLOOKUP(E22,'competenze MSS'!A:C,3,FALSE)," ") | I22: =IF(H22<>0,VLOOKUP(H22,'competenze MSS'!A:C,3,FALSE)," ")
I23: =IF(H23<>0,VLOOKUP(H23,'competenze MSS'!A:C,3,FALSE)," ")
F24: =IF(E24 <>0,VLOOKUP(E24,'competenze MSS'!A:C,2,FALSE)," ") | G24: =IF(E24<>0,VLOOKUP(E24,'competenze MSS'!A:C,3,FALSE)," ") | I24: =IF(H24<>0,VLOOKUP(H24,'competenze MSS'!A:C,3,FALSE)," ")
I25: =IF(H25<>0,VLOOKUP(H25,'competenze MSS'!A:C,3,FALSE)," ")
F26: =IF(E26 <>0,VLOOKUP(E26,'competenze MSS'!A:C,2,FALSE)," ") | G26: =IF(E26<>0,VLOOKUP(E26,'competenze MSS'!A:C,3,FALSE)," ") | I26: =IF(H26<>0,VLOOKUP(H26,'competenze MSS'!A:C,3,FALSE)," ")
I27: =IF(H27<>0,VLOOKUP(H27,'competenze MSS'!A:C,3,FALSE)," ")
F28: =IF(E28 <>0,VLOOKUP(E28,'competenze MSS'!A:C,2,FALSE)," ") | G28: =IF(E28<>0,VLOOKUP(E28,'competenze MSS'!A:C,3,FALSE)," ") | I28: =IF(H28<>0,VLOOKUP(H28,'competenze MSS'!A:C,3,FALSE)," ")
I29: =IF(H29<>0,VLOOKUP(H29,'competenze MSS'!A:C,3,FALSE)," ")
F30: =IF(E30 <>0,VLOOKUP(E30,'competenze MSS'!A:C,2,FALSE)," ") | G30: =IF(E30<>0,VLOOKUP(E30,'competenze MSS'!A:C,3,FALSE)," ") | I30: =IF(H30<>0,VLOOKUP(H30,'competenze MSS'!A:C,3,FALSE)," ")
I31: =IF(H31<>0,VLOOKUP(H31,'competenze MSS'!A:C,3,FALSE)," ")
F32: =IF(E32 <>0,VLOOKUP(E32,'competenze MSS'!A:C,2,FALSE)," ") | G32: =IF(E32<>0,VLOOKUP(E32,'competenze MSS'!A:C,3,FALSE)," ") | I32: =IF(H32<>0,VLOOKUP(H32,'competenze MSS'!A:C,3,FALSE)," ")
I33: =IF(H33<>0,VLOOKUP(H33,'competenze MSS'!A:C,3,FALSE)," ")
F34: =IF(E34 <>0,VLOOKUP(E34,'competenze MSS'!A:C,2,FALSE)," ") | G34: =IF(E34<>0,VLOOKUP(E34,'competenze MSS'!A:C,3,FALSE)," ") | I34: =IF(H34<>0,VLOOKUP(H34,'competenze MSS'!A:C,3,FALSE)," ")
I35: =IF(H35<>0,VLOOKUP(H35,'competenze MSS'!A:C,3,FALSE)," ")
F36: =IF(E36 <>0,VLOOKUP(E36,'competenze MSS'!A:C,2,FALSE)," ") | G36: =IF(E36<>0,VLOOKUP(E36,'competenze MSS'!A:C,3,FALSE)," ") | I36: =IF(H36<>0,VLOOKUP(H36,'competenze MSS'!A:C,3,FALSE)," ")
I37: =IF(H37<>0,VLOOKUP(H37,'competenze MSS'!A:C,3,FALSE)," ")
F38: =IF(E38 <>0,VLOOKUP(E38,'competenze MSS'!A:C,2,FALSE)," ") | G38: =IF(E38<>0,VLOOKUP(E38,'competenze MSS'!A:C,3,FALSE)," ") | I38: =IF(H38<>0,VLOOKUP(H38,'competenze MSS'!A:C,3,FALSE)," ")
I39: =IF(H39<>0,VLOOKUP(H39,'competenze MSS'!A:C,3,FALSE)," ")
F40: =IF(E40 <>0,VLOOKUP(E40,'competenze MSS'!A:C,2,FALSE)," ") | G40: =IF(E40<>0,VLOOKUP(E40,'competenze MSS'!A:C,3,FALSE)," ") | I40: =IF(H40<>0,VLOOKUP(H40,'competenze MSS'!A:C,3,FALSE)," ")
I41: =IF(H41<>0,VLOOKUP(H41,'competenze MSS'!A:C,3,FALSE)," ")
F42: =IF(E42 <>0,VLOOKUP(E42,'competenze MSS'!A:C,2,FALSE)," ") | G42: =IF(E42<>0,VLOOKUP(E42,'competenze MSS'!A:C,3,FALSE)," ") | I42: =IF(H42<>0,VLOOKUP(H42,'competenze MSS'!A:C,3,FALSE)," ")
I43: =IF(H43<>0,VLOOKUP(H43,'competenze MSS'!A:C,3,FALSE)," ")
F44: =IF(E44 <>0,VLOOKUP(E44,'competenze MSS'!A:C,2,FALSE)," ") | G44: =IF(E44<>0,VLOOKUP(E44,'competenze MSS'!A:C,3,FALSE)," ") | I44: =IF(H44<>0,VLOOKUP(H44,'competenze MSS'!A:C,3,FALSE)," ")
I45: =IF(H45<>0,VLOOKUP(H45,'competenze MSS'!A:C,3,FALSE)," ")
F46: =IF(E46 <>0,VLOOKUP(E46,'competenze MSS'!A:C,2,FALSE)," ") | G46: =IF(E46<>0,VLOOKUP(E46,'competenze MSS'!A:C,3,FALSE)," ") | I46: =IF(H46<>0,VLOOKUP(H46,'competenze MSS'!A:C,3,FALSE)," ")
I47: =IF(H47<>0,VLOOKUP(H47,'competenze MSS'!A:C,3,FALSE)," ")
F48: =IF(E48 <>0,VLOOKUP(E48,'competenze MSS'!A:C,2,FALSE)," ") | G48: =IF(E48<>0,VLOOKUP(E48,'competenze MSS'!A:C,3,FALSE)," ") | I48: =IF(H48<>0,VLOOKUP(H48,'competenze MSS'!A:C,3,FALSE)," ")
I49: =IF(H49<>0,VLOOKUP(H49,'competenze MSS'!A:C,3,FALSE)," ")
F50: =IF(E50 <>0,VLOOKUP(E50,'competenze MSS'!A:C,2,FALSE)," ") | G50: =IF(E50<>0,VLOOKUP(E50,'competenze MSS'!A:C,3,FALSE)," ") | I50: =IF(H50<>0,VLOOKUP(H50,'competenze MSS'!A:C,3,FALSE)," ")
I51: =IF(H51<>0,VLOOKUP(H51,'competenze MSS'!A:C,3,FALSE)," ")
F52: =IF(E52 <>0,VLOOKUP(E52,'competenze MSS'!A:C,2,FALSE)," ") | G52: =IF(E52<>0,VLOOKUP(E52,'competenze MSS'!A:C,3,FALSE)," ") | I52: =IF(H52<>0,VLOOKUP(H52,'competenze MSS'!A:C,3,FALSE)," ")
I53: =IF(H53<>0,VLOOKUP(H53,'competenze MSS'!A:C,3,FALSE)," ")
F54: =IF(E54 <>0,VLOOKUP(E54,'competenze MSS'!A:C,2,FALSE)," ") | G54: =IF(E54<>0,VLOOKUP(E54,'competenze MSS'!A:C,3,FALSE)," ") | I54: =IF(H54<>0,VLOOKUP(H54,'competenze MSS'!A:C,3,FALSE)," ")
I55: =IF(H55<>0,VLOOKUP(H55,'competenze MSS'!A:C,3,FALSE)," ")
F56: =IF(E56 <>0,VLOOKUP(E56,'competenze MSS'!A:C,2,FALSE)," ") | G56: =IF(E56<>0,VLOOKUP(E56,'competenze MSS'!A:C,3,FALSE)," ") | I56: =IF(H56<>0,VLOOKUP(H56,'competenze MSS'!A:C,3,FALSE)," ")
I57: =IF(H57<>0,VLOOKUP(H57,'competenze MSS'!A:C,3,FALSE)," ")
F58: =IF(E58 <>0,VLOOKUP(E58,'competenze MSS'!A:C,2,FALSE)," ") | G58: =IF(E58<>0,VLOOKUP(E58,'competenze MSS'!A:C,3,FALSE)," ") | I58: =IF(H58<>0,VLOOKUP(H58,'competenze MSS'!A:C,3,FALSE)," ")
I59: =IF(H59<>0,VLOOKUP(H59,'competenze MSS'!A:C,3,FALSE)," ")
F60: =IF(E60 <>0,VLOOKUP(E60,'competenze MSS'!A:C,2,FALSE)," ") | G60: =IF(E60<>0,VLOOKUP(E60,'competenze MSS'!A:C,3,FALSE)," ") | I60: =IF(H60<>0,VLOOKUP(H60,'competenze MSS'!A:C,3,FALSE)," ")
I61: =IF(H61<>0,VLOOKUP(H61,'competenze MSS'!A:C,3,FALSE)," ")
F62: =IF(E62 <>0,VLOOKUP(E62,'competenze MSS'!A:C,2,FALSE)," ") | G62: =IF(E62<>0,VLOOKUP(E62,'competenze MSS'!A:C,3,FALSE)," ") | I62: =IF(H62<>0,VLOOKUP(H62,'competenze MSS'!A:C,3,FALSE)," ")
I63: =IF(H63<>0,VLOOKUP(H63,'competenze MSS'!A:C,3,FALSE)," ")
F64: =IF(E64 <>0,VLOOKUP(E64,'competenze MSS'!A:C,2,FALSE)," ") | G64: =IF(E64<>0,VLOOKUP(E64,'competenze MSS'!A:C,3,FALSE)," ") | I64: =IF(H64<>0,VLOOKUP(H64,'competenze MSS'!A:C,3,FALSE)," ")
I65: =IF(H65<>0,VLOOKUP(H65,'competenze MSS'!A:C,3,FALSE)," ")
F66: =IF(E66 <>0,VLOOKUP(E66,'competenze MSS'!A:C,2,FALSE)," ") | G66: =IF(E66<>0,VLOOKUP(E66,'competenze MSS'!A:C,3,FALSE)," ") | I66: =IF(H66<>0,VLOOKUP(H66,'competenze MSS'!A:C,3,FALSE)," ")
I67: =IF(H67<>0,VLOOKUP(H67,'competenze MSS'!A:C,3,FALSE)," ")
F68: =IF(E68 <>0,VLOOKUP(E68,'competenze MSS'!A:C,2,FALSE)," ") | G68: =IF(E68<>0,VLOOKUP(E68,'competenze MSS'!A:C,3,FALSE)," ") | I68: =IF(H68<>0,VLOOKUP(H68,'competenze MSS'!A:C,3,FALSE)," ")
I69: =IF(H69<>0,VLOOKUP(H69,'competenze MSS'!A:C,3,FALSE)," ")
F70: =IF(E70 <>0,VLOOKUP(E70,'competenze MSS'!A:C,2,FALSE)," ") | G70: =IF(E70<>0,VLOOKUP(E70,'competenze MSS'!A:C,3,FALSE)," ") | I70: =IF(H70<>0,VLOOKUP(H70,'competenze MSS'!A:C,3,FALSE)," ")
I71: =IF(H71<>0,VLOOKUP(H71,'competenze MSS'!A:C,3,FALSE)," ")
F72: =IF(E72 <>0,VLOOKUP(E72,'competenze MSS'!A:C,2,FALSE)," ") | G72: =IF(E72<>0,VLOOKUP(E72,'competenze MSS'!A:C,3,FALSE)," ") | I72: =IF(H72<>0,VLOOKUP(H72,'competenze MSS'!A:C,3,FALSE)," ")
I73: =IF(H73<>0,VLOOKUP(H73,'competenze MSS'!A:C,3,FALSE)," ")
F74: =IF(E74 <>0,VLOOKUP(E74,'competenze MSS'!A:C,2,FALSE)," ") | G74: =IF(E74<>0,VLOOKUP(E74,'competenze MSS'!A:C,3,FALSE)," ") | I74: =IF(H74<>0,VLOOKUP(H74,'competenze MSS'!A:C,3,FALSE)," ")
I75: =IF(H75<>0,VLOOKUP(H75,'competenze MSS'!A:C,3,FALSE)," ")
F76: =IF(E76 <>0,VLOOKUP(E76,'competenze MSS'!A:C,2,FALSE)," ") | G76: =IF(E76<>0,VLOOKUP(E76,'competenze MSS'!A:C,3,FALSE)," ") | I76: =IF(H76<>0,VLOOKUP(H76,'competenze MSS'!A:C,3,FALSE)," ")
I77: =IF(H77<>0,VLOOKUP(H77,'competenze MSS'!A:C,3,FALSE)," ")
F78: =IF(E78 <>0,VLOOKUP(E78,'competenze MSS'!A:C,2,FALSE)," ") | G78: =IF(E78<>0,VLOOKUP(E78,'competenze MSS'!A:C,3,FALSE)," ") | I78: =IF(H78<>0,VLOOKUP(H78,'competenze MSS'!A:C,3,FALSE)," ")
I79: =IF(H79<>0,VLOOKUP(H79,'competenze MSS'!A:C,3,FALSE)," ")
F80: =IF(E80 <>0,VLOOKUP(E80,'competenze MSS'!A:C,2,FALSE)," ") | G80: =IF(E80<>0,VLOOKUP(E80,'competenze MSS'!A:C,3,FALSE)," ") | I80: =IF(H80<>0,VLOOKUP(H80,'competenze MSS'!A:C,3,FALSE)," ")
I81: =IF(H81<>0,VLOOKUP(H81,'competenze MSS'!A:C,3,FALSE)," ")
F82: =IF(E82 <>0,VLOOKUP(E82,'competenze MSS'!A:C,2,FALSE)," ") | G82: =IF(E82<>0,VLOOKUP(E82,'competenze MSS'!A:C,3,FALSE)," ") | I82: =IF(H82<>0,VLOOKUP(H82,'competenze MSS'!A:C,3,FALSE)," ")
I83: =IF(H83<>0,VLOOKUP(H83,'competenze MSS'!A:C,3,FALSE)," ")
F84: =IF(E84 <>0,VLOOKUP(E84,'competenze MSS'!A:C,2,FALSE)," ") | G84: =IF(E84<>0,VLOOKUP(E84,'competenze MSS'!A:C,3,FALSE)," ") | I84: =IF(H84<>0,VLOOKUP(H84,'competenze MSS'!A:C,3,FALSE)," ")
I85: =IF(H85<>0,VLOOKUP(H85,'competenze MSS'!A:C,3,FALSE)," ")
F86: =IF(E86 <>0,VLOOKUP(E86,'competenze MSS'!A:C,2,FALSE)," ") | G86: =IF(E86<>0,VLOOKUP(E86,'competenze MSS'!A:C,3,FALSE)," ") | I86: =IF(H86<>0,VLOOKUP(H86,'competenze MSS'!A:C,3,FALSE)," ")
I87: =IF(H87<>0,VLOOKUP(H87,'competenze MSS'!A:C,3,FALSE)," ")
F88: =IF(E88 <>0,VLOOKUP(E88,'competenze MSS'!A:C,2,FALSE)," ") | G88: =IF(E88<>0,VLOOKUP(E88,'competenze MSS'!A:C,3,FALSE)," ") | I88: =IF(H88<>0,VLOOKUP(H88,'competenze MSS'!A:C,3,FALSE)," ")
I89: =IF(H89<>0,VLOOKUP(H89,'competenze MSS'!A:C,3,FALSE)," ")
F90: =IF(E90 <>0,VLOOKUP(E90,'competenze MSS'!A:C,2,FALSE)," ") | G90: =IF(E90<>0,VLOOKUP(E90,'competenze MSS'!A:C,3,FALSE)," ") | I90: =IF(H90<>0,VLOOKUP(H90,'competenze MSS'!A:C,3,FALSE)," ")
I91: =IF(H91<>0,VLOOKUP(H91,'competenze MSS'!A:C,3,FALSE)," ")
F92: =IF(E92 <>0,VLOOKUP(E92,'competenze MSS'!A:C,2,FALSE)," ") | G92: =IF(E92<>0,VLOOKUP(E92,'competenze MSS'!A:C,3,FALSE)," ") | I92: =IF(H92<>0,VLOOKUP(H92,'competenze MSS'!A:C,3,FALSE)," ")
I93: =IF(H93<>0,VLOOKUP(H93,'competenze MSS'!A:C,3,FALSE)," ")
F94: =IF(E94 <>0,VLOOKUP(E94,'competenze MSS'!A:C,2,FALSE)," ") | G94: =IF(E94<>0,VLOOKUP(E94,'competenze MSS'!A:C,3,FALSE)," ") | I94: =IF(H94<>0,VLOOKUP(H94,'competenze MSS'!A:C,3,FALSE)," ")
I95: =IF(H95<>0,VLOOKUP(H95,'competenze MSS'!A:C,3,FALSE)," ")
F96: =IF(E96 <>0,VLOOKUP(E96,'competenze MSS'!A:C,2,FALSE)," ") | G96: =IF(E96<>0,VLOOKUP(E96,'competenze MSS'!A:C,3,FALSE)," ") | I96: =IF(H96<>0,VLOOKUP(H96,'competenze MSS'!A:C,3,FALSE)," ")
I97: =IF(H97<>0,VLOOKUP(H97,'competenze MSS'!A:C,3,FALSE)," ")
F98: =IF(E98 <>0,VLOOKUP(E98,'competenze MSS'!A:C,2,FALSE)," ") | G98: =IF(E98<>0,VLOOKUP(E98,'competenze MSS'!A:C,3,FALSE)," ") | I98: =IF(H98<>0,VLOOKUP(H98,'competenze MSS'!A:C,3,FALSE)," ")
I99: =IF(H99<>0,VLOOKUP(H99,'competenze MSS'!A:C,3,FALSE)," ")
F100: =IF(E100 <>0,VLOOKUP(E100,'competenze MSS'!A:C,2,FALSE)," ") | G100: =IF(E100<>0,VLOOKUP(E100,'competenze MSS'!A:C,3,FALSE)," ") | I100: =IF(H100<>0,VLOOKUP(H100,'competenze MSS'!A:C,3,FALSE)," ")
I101: =IF(H101<>0,VLOOKUP(H101,'competenze MSS'!A:C,3,FALSE)," ")
F102: =IF(E102 <>0,VLOOKUP(E102,'competenze MSS'!A:C,2,FALSE)," ") | G102: =IF(E102<>0,VLOOKUP(E102,'competenze MSS'!A:C,3,FALSE)," ") | I102: =IF(H102<>0,VLOOKUP(H102,'competenze MSS'!A:C,3,FALSE)," ")
I103: =IF(H103<>0,VLOOKUP(H103,'competenze MSS'!A:C,3,FALSE)," ")
F104: =IF(E104 <>0,VLOOKUP(E104,'competenze MSS'!A:C,2,FALSE)," ") | G104: =IF(E104<>0,VLOOKUP(E104,'competenze MSS'!A:C,3,FALSE)," ") | I104: =IF(H104<>0,VLOOKUP(H104,'competenze MSS'!A:C,3,FALSE)," ")
I105: =IF(H105<>0,VLOOKUP(H105,'competenze MSS'!A:C,3,FALSE)," ")
F106: =IF(E106 <>0,VLOOKUP(E106,'competenze MSS'!A:C,2,FALSE)," ") | G106: =IF(E106<>0,VLOOKUP(E106,'competenze MSS'!A:C,3,FALSE)," ") | I106: =IF(H106<>0,VLOOKUP(H106,'competenze MSS'!A:C,3,FALSE)," ")
...

Sheet competenze MSS
A1: numero | B1: titolo | C1: descrizione
B2: Obiettivi di valutazione dell'azienda
A3: 1.1.1.1 | B3: Acquisto materiale e merci senza messa a concorso | C3: Acquisto materiale e merci secondo le direttive aziendali e giuridiche, svolgendo correttamente le seguenti attività: – definire il fabbisogno – richiedere offerte e confrontarle – verificare le condizioni e i termini di consegna – ordinare il materiale e le merci – controllare le forniture – segnalare e reclamare in caso di forniture errate – controllare e contabilizzare le fatture dei fornitori
A4: 1.1.1.2 | B4: Immagazzinamento del materiale e delle merci | C4: Immagazzino il materiale e le merci correttamente, tenendo in debita considerazione le seguenti esigenze: – depositare il materiale e le merci forniti in magazzino – aggiornare gli stock – gestire il magazzino – allestire l'inventario Nello svolgimento di questa attività rispetto le direttive in materia di protezione della salute e di sicurezza sul lavoro. Inoltre tengo in considerazione le regole di sicurezza dell'azienda
A5: 1.1.2.1 | B5: Mettere in pratica le conoscenze dei prodotti e dei servizi | C5: Spiego le caratteristiche, le particolarità e i vantaggi dei prodotti e dei servizi offerti dalla mia azienda formatrice, con l'ausilio di documentazione o di esempi efficaci e significativi. Applico queste conoscenze in modo mirato e convincente nell'ambito del mio lavoro con vari gruppi d'interesse, durante lo svolgimento dei processi di lavoro e dei compiti amministrativi.
A6: 1.1.2.2 | B6: Servire in modo adeguato i gruppi d'interesse interni ed esterni | C6: Riconosco il ruolo dei miei interlocutori. Mi comporto di conseguenza e agisco in modo mirato in funzione dei destinatari finali e della situazione specifica. Esempi: – Collaboratori di altre amministrazioni o settori dell'Amministrazione – Gli esponenti delle autorità – I cittadini in quanto utenti in divese forme: · il contribuente (è un utente con degli obblighi, che si attende in contropartita un'assistenza efficace). · Il beneficiario di una prestazione sociale (l'utente ottiene aiuti finanziari dallo Stato e, proprio per questo, dipende in larga misura dallo stesso. Lo Stato esercita un monopolio. Esempio: beneficiari d'indennità di disoccupazione). · L'utente soggetto a regolamentazioni (l'utente è coinvolto in ispezioni e/o autorizzazioni. Egli ha degli obblighi legali, ma pretende che lo Stato svolga le sue attività in modo rapido e corretto. Esempi: ambito della sicurezza, settore della protezione dell'ambiente, ecc.) · L'acquirente/Il consumatore (l'utente acquista una prestazione versando una tassa. In questo caso lo Stato detiene una posizione di monopolio. Esempio: trasporti pubblici)
A7: 1.1.2.3 | B7: Condurre e concludere colloqui di consulenza e/o di vendita | C7: Svolgo colloqui di consulenza e/o di vendita con gli utenti in modo cordiale, convincente e finalizzato agli obiettivi, sfruttando in modo mirato le mie conoscenze dei prodotti e dei servizi. Procedo rispettando le seguenti fasi: – preparare il colloquio con gli utenti – svolgere il colloquio con gli utenti (illustrare il margine di manovra e le basi legali) – preparare e/o eseguire l'atto amministrativo corrispondente.
A8: 1.1.2.4 | B8: Evadere i reclami degli utenti | C8: (nel senso di un feedback negativo) Ascolto i reclami degli utenti e dei gruppi d'interesse in modo adeguato e cordiale. Spiego i passi successivi.
A9: 1.1.3.1 | B9: Spiegare il mandato dell'azienda formatrice | C9: Spiego il mandato e i compiti dell'azienda formatrice in modo comprensibile. Tengo in considerazione le basi legali e indico i collegamenti con gli altri settori o uffici.
A10: 1.1.3.2 | B10: Evadere le richieste degli utenti tenendo in considerazione i principi dell'amministrazione | C10: Evado le richieste degli utenti in modo adeguato, tenendo in considerazione le direttive aziendali e giuridiche. Sbrigo le seguenti attività in modo consono agli utenti e con la dovuta cordialità: – prendere in consegna richieste personali e/o scritte degli utenti – evadere e rispondere alle richieste degli utenti, risp. trasmetterle alle persone competenti – documentare i contatti con gli utenti in modo da poterli ricostruire in un secondo tempo. Durante lo svolgimento mi attengo ai seguenti principi dell'amministrazione: – conformità alla legge (principio di legalità) – uguaglianza – buona fede – necessità e proporzionalità
A11: 1.1.3.3 | B11: Indicare le basi legali | C11: Indico ai miei utenti/interlocutori le disposizioni legali che stanno alla base del processo legato alla prestazione di un servizio. Mi procuro le basi legali necessarie utilizzando mezzi adeguati (Internet/Intranet, raccolta delle leggi, ...)
A12: 1.1.3.4 | B12: Svolgere le attività operative | C12: Fornisco i servizi destinati agli utenti e ai gruppi d'interesse in modo competente lavorando in maniera autonoma nonché rispettando e applicando le basi legali, le scadenze, il segreto d'ufficio e le norme relative alla protezione dei dati. Utilizzo e spiego correttamente i rispettivi termini tecnici.
A13: 1.1.3.5 | B13: Applicare il regolamento sulle tasse | C13: In caso di prestazioni soggette a tassa, applico correttamente il relativo regolamento.
A14: 1.1.3.6 | B14: Tenere i registri (banca dati) | C14: Tengo, in modo autonomo e correttamente, i registri (ufficiali) inerenti al mio campo d'attività (protezione dei dati, segreto d'ufficio, conservazione, cancellazione) ed eseguo le relative mutazioni.
... A30: 1.1.7.7 | B30: Gestire la corrispondenza | C30: Gestisco la corrispondenza in entrata e in uscita, svolgendo in modo affidabile i seguenti compiti: - presa in consegna - smistamento - distribuzione - imballaggio - affrancatura
B31: Competenze metodologiche
A32: 2.1 | B32: Efficienza e sistematicità nel lavoro | C32: Svolgo i miei lavori in modo efficiente e sistematico: – scegliendo fonti d’informazione in funzione dei compiti e procurandomi in modo mirato le informazioni necessarie; – pianificando i miei lavori e progetti, fissando priorità e decidendo in funzione della situazione; – eseguendo il mio lavoro in modo mirato e avendo la consapevolezza dei costi; – controllando e documentando il lavoro eseguito; – analizzando il mio lavoro e le mie azioni per ottimizzare le prestazioni e il comportamento. A questo scopo utilizzo metodi e mezzi ausiliari appropriati.
A33: 2.2 | B33: Pensiero e azione interdisciplinare | C33: Metto in relazione il mio lavoro con altre attività dell’azienda o dell’organizzazione per le quali lavoro: – presentando in modo comprensibile i processi economico-aziendali, le forme di organizzazione e i rapporti economici generali; – identificando interdipendenze e punti di collegamento; – contribuendo a migliorare i processi di lavoro nel mio campo di attività. A questo scopo utilizzo metodi e mezzi ausiliari appropriati.
A34: 2.3 | B34: Efficacia nella negoziazione e nella consulenza | C34: Utilizzo metodi efficaci per attività di consulenza e negoziazione con partner esterni e interni: – definendo bisogni e punti di vista dei miei interlocutori; – identificando e comprendendo messaggi verbali e non verbali dei miei interlocutori; – elaborando proposte di soluzione adeguate; – ottenendo buoni risultati per le diverse parti coinvolte.
A35: 2.4 | B35: Presentazione efficace | C35: Mi distinguo per la presentazione efficace dei miei lavori: – pianificando e preparando le presentazioni; – svolgendo le presentazioni in modo convincente; – utilizzando una retorica e un linguaggio del corpo appropriati; – utilizzando mezzi ausiliari di presentazione in funzione dei destinatari e della situazione.
B36: Competenze sociali e personali
A37: 3.1 | B37: Disponibilità a fornire buone prestazioni lavorative | C37: Sono molto disponibile a fornire una prestazione lavorativa ad alto rendimento: – affrontando il mio lavoro con motivazione e riflessione; – adempiendo le esigenze e le richieste dei miei committenti e partner commerciali; – rispettando i termini e le direttive in materia di qualità; – sopportando lo stress, identificando le situazioni difficili e chiedendo aiuto se necessario; – assumendo la responsabilità del mio lavoro e del mio comportamento.
A38: 3.2 | B38: Capacità di comunicazione | C38: Sono in grado di comunicare e assumere un comportamento adatto alla clientela: – comprendendo in modo differenziato le affermazioni orali e scritte e con apertura nei confronti di idee e opinioni dei miei partner commerciali; – esprimendomi oralmente e per iscritto in funzione della situazione e degli interlocutori comunicando in modo chiaro e fondato le mie proposte e i miei punti di vista; – padroneggiando situazioni delicate, chiarendo i malintesi e i punti di vista e cercando delle soluzioni; – mantenendo la discrezione allo scopo di preservare gli interessi dei miei partner commerciali nei confronti della mia azienda o organizzazione.
A39: 3.3 | B39: Capacità di lavorare in gruppo | C39: Sono in grado di lavorare sia in modo indipendente sia in gruppo. All’interno del gruppo: – porto il mio contributo, accetto le decisioni adottate e le attuo; – formulo una critica costruttiva e sono in grado di ricevere e accettare critiche; – assumo la responsabilità del risultato di un lavoro di gruppo e difendo verso l’esterno la soluzione adottata.
A40: 3.4 | B40: Forme comportamentali | C40: Nel mio comportamento personale attribuisco valore a buone forme comportamentali: – con puntualità, affidabilità e ordine e agendo coscienziosamente; – adattando il mio aspetto alle norme dell’azienda o dell’organizzazione e presentandomi in funzione della situazione; – rispettando le regole di cortesia nel mio comportamento e nella mia comunicazione orale e scritta; – trattando le persone con la cortesia e il rispetto dovuti.
A41: 3.5 | B41: Capacità di apprendimento | C41: Sono consapevole dei costanti mutamenti nel mondo del lavoro e nella società e sono pronto ad acquisire e sviluppare nuove competenze: – con apertura verso le novità e reagendo con flessibilità ai cambiamenti; – utilizzando tecniche creative e di apprendimento adeguate e trasferendo alla pratica quanto appreso; – analizzando il mio processo di apprendimento e documentando i miei progressi in forma adeguata; – essendo consapevole che l’apprendimento continuo permette di consolidare la mia concorrenzialità sul mercato del lavoro e la mia personalità. A questo scopo utilizzo metodi e mezzi ausiliari appropriati.
A42: 3.6 | B42: Coscienza ecologica | C42: Assumo un comportamento ecologico e rispetto le prescrizioni e le regole di comportamento in materia. In particolare – utilizzando in modo parsimonioso energia, beni, materiale di lavoro e di consumo; – avendo cura di impianti e attrezzature; – smaltendo i rifiuti in modo rispettoso dell’ambiente.
